 Dungeon Crawl Stone Soup version 0.20-a0-710-g71b569a (webtiles) character file.

333 GlassEater the Slicer (level 6, 0/55 HPs)
             Began as a Kobold Berserker on Feb 22, 2017.
             Was a Priest of Trog.
             Slain by a two-headed ogre
             ... wielding a +0 giant club
              (32 damage)
             ... on level 5 of the Dungeon.
             The game lasted 00:10:24 (3416 turns).

GlassEater the Slicer (Kobold Berserker)            Turns: 3416, Time: 00:10:25

Health: 0/55       AC:  7    Str: 19    XL:     6   Next: 83%
Magic:  6/6        EV: 15    Int: 12    God:    Trog [***...]
Gold:   326        SH:  0    Dex: 16    Spells: 5/5 levels left

rFire    . . .     SeeInvis .   a - +3 dagger (venom)
rCold    . . .     Gourm    .   r - +3 leather armour
rNeg     . . .     Faith    .   (shield restricted)
rPois    .         Spirit   .   h - +0 helmet {Int+3}
rElec    .         Reflect  .   (no cloak)
rCorr    .         Harm     .   (no gloves)
MR       .....                  (no boots)
Stlth    ..........             (no amulet)
Regen    0.2/turn               (no ring)
MPRegen  0.1/turn               (no ring)

@: berserking, very quick
A: carnivore 3
a: Berserk, Trog's Hand, Burn Spellbooks, Renounce Religion


You were on level 5 of the Dungeon.
You worshipped Trog.
Trog was most pleased with you.
You were very full.

You visited 1 branch of the dungeon, and saw 5 of its levels.

You collected 326 gold pieces.

Inventory:

Hand Weapons
 a - a +3 dagger of venom (weapon)
Missiles
 t - 33 bolts
Armour
 h - a +0 helmet of intelligence (worn)
 r - a +3 leather armour (worn)
Wands
 o - a wand of confusion (39/48)
Scrolls
 k - 2 scrolls of enchant weapon
 l - a scroll of magic mapping
 p - a scroll of remove curse
 s - a scroll of fog {unknown}
 v - 2 scrolls of teleportation
Potions
 b - a potion of agility
 e - 2 potions of heal wounds
 f - 2 potions of lignification
 g - a potion of degeneration {unknown}
 i - 2 potions of curing
 m - a potion of flight {unknown}
 n - a potion of invisibility
 q - a potion of mutation {unknown}
Comestibles
 c - 5 meat rations
 d - a royal jelly


   Skills:
 - Level 3.2 Fighting
 - Level 8.0 Short Blades
 - Level 1.5 Armour
 - Level 2.4 Dodging
 + Level 5.1 Stealth


You had 5 spell levels left.
You didn't know any spells.

Dungeon Overview and Level Annotations

Branches:
Dungeon (5/15)
 Temple: D:4-7

Altars:


Innate Abilities, Weirdness & Mutations

You are small and have problems with some larger weapons.
You are carnivorous and can eat meat at any time.


Message History

You open the large door.
There is a large open door here.
An orc wizard and a two-headed ogre come into view.
The orc wizard is wielding a dagger of pain.
The two-headed ogre shouts in stereo!
There is a large open door here.
A red film seems to cover your vision as you go berserk!
You feel yourself moving faster!
You feel mighty!
You feel a lot less full. The two-headed ogre barely misses you.
The two-headed ogre hits you with a giant spiked club!
You puncture the two-headed ogre!
The two-headed ogre looks as sick as possible!
The two-headed ogre is lightly wounded.
You puncture the two-headed ogre!
The two-headed ogre looks as sick as possible!
The two-headed ogre is heavily wounded.
The two-headed ogre hits you with a giant club!
The two-headed ogre hits you with a giant spiked club!!
Ouch! That really hurt!
You die...

......#.# #..###........##.###
......#.# #..#..........##'###
......#.# #..#.#....#.........
......#.######..#.#....#.........
.................................
#####...######.##.#....#.........
.####...######.............######
.+.....................#.........
.####.........oO@...........#...#
.####.#.#####''#####.....#..#...+
.+......##≈§≈.§≈≈§##..#..#..#...#
.####.###≈§≈§..≈§§§##.#..#..#...#
.+....##≈≈≈§≈§.§≈§§≈####.#..#...#
.######≈≈≈≈≈§§O≈§≈≈§≈# #.#..#...#
.# ≈≈§§§≈§.≈≈≈§§§≈ #....+...+
##### ≈≈§§≈≈§o≈§≈§≈≈§ #.####
....# ≈≈§§≈≈..§§≈§§§≈


You could see a two-headed ogre and an orc wizard.

Vanquished Creatures
  An ogre (D:5)
  A hound (D:4)
  Terence (D:3)
  Ijyb (D:3)
  9 adders
  An ooze (D:2)
  An adder skeleton (D:4)
  3 worms
  2 leopard geckos
  6 orcs
  A ball python (D:1)
  2 giant cockroaches
  4 goblins
  9 hobgoblins
  3 jackals (D:1)
  5 kobolds
  3 quokkas
  4 bats
  6 frilled lizards
  7 rats
70 creatures vanquished.

Notes
Turn   | Place    | Note
-------+----------+-------------------------------------------
     0 | D:1      | GlassEater the Kobold Berserker began the quest for the Orb.
     0 | D:1      | Reached XP level 1. HP: 14/14 MP: 1/1
   219 | D:1      | Reached XP level 2. HP: 18/19 MP: 2/2
   462 | D:1      | Reached skill level 5 in Short Blades
   856 | D:1      | Reached XP level 3. HP: 23/23 MP: 3/3
  1113 | D:2      | Reached ** piety under Trog
  1371 | D:2      | Reached skill level 6 in Short Blades
  1371 | D:2      | Reached XP level 4. HP: 28/28 MP: 4/4
  1776 | D:3      | Noticed Ijyb
  2011 | D:3      | Killed Ijyb
  2011 | D:3      | Reached skill level 7 in Short Blades
  2011 | D:3      | Reached XP level 5. HP: 31/32 MP: 5/5
  2076 | D:3      | Noticed Terence
  2088 | D:3      | Killed Terence
  2531 | D:4      | Reached skill level 8 in Short Blades
  2672 | D:4      | Reached XP level 6. HP: 24/37 MP: 6/6
  2801 | D:4      | Reached *** piety under Trog
  3210 | D:5      | Entered Level 5 of the Dungeon
  3210 | D:5      | Noticed an ogre
  3214 | D:5      | Killed an ogre
  3214 | D:5      | Reached skill level 5 in Stealth
  3403 | D:5      | Noticed a two-headed ogre
  3416 | D:5      | Slain by a two-headed ogre

Vault maps used:
D:1:      dpeg_arrival_arbitrary_c, serial_park_tiny_pond
D:3:      uniq_terence, uniq_iyjb
D:4:      first_bread, minmay_three_crescents
D:5:      kennysheep_big_flooded_room

Skill      XL: |  1  2  3  4  5  6 |
---------------+-------------------+-----
Short Blades   | 5 6 7 8 |  8.0
Stealth        | 2 5 |  5.1
Fighting       | |  3.2
Armour         | |  1.5
Dodging        | |  2.4

Action                   |  1- 3 |  4- 6 || total
-------------------------+-------+-------++-------
Melee: Short sword       |    17 |       ||    17
       Dagger            |    72 |   132 ||   204
Invok: Berserk           |       |     1 ||     1
  Use: Scroll            |       |    14 ||    14
 Stab: Sleeping          |     1 |     2 ||     3
  Eat: Chunk             |     9 |     6 ||    15
Armor: Animal skin       |     8 |       ||     8
       Ring mail         |     9 |    10 ||    19
       Leather armour    |       |    15 ||    15
Dodge: Dodged            |    61 |    62 ||   123
